 Dungeon Crawl Stone Soup version 0.29.0-11-gd7f09526c8 (webtiles) character file.

Game seed: 3127298384404789130

28725 Flugkiller the Severer (level 13, -1/122 HPs)
             Began as a Minotaur Fighter on Sept 4, 2022.
             Was a High Priest of Okawaru.
             Slain by a balrug
             ... wielding a +2 demon whip of flaming
              (20 damage)
             ... on level 1 of the Abyss.
             The game lasted 00:08:34 (17749 turns).

Flugkiller the Severer (Minotaur Fighter)          Turns: 17749, Time: 00:08:34

Health: -1/122     AC: 28    Str: 28    XL:     13   Next: 11%
Magic:  0/19       EV: 10    Int:  5    God:    Okawaru [*****.]
Gold:   1421       SH:  6    Dex: 14    Spells: 12/12 levels left

rFire   . . .      SeeInvis .   B - +2 broad axe (drain)
rCold   . . .      Faith    .   M - +0 buckler
rNeg    . . .      Spirit   +   R - +0 plate armour
rPois   +          Reflect  .   (helmet restricted)
rElec   .          Harm     .   i - +1 cloak
rCorr   .          Rampage  .   b - +2 pair of gloves
Will    .....                   j - +2 pair of boots
Stlth   ..........              N - amulet of guardian spirit
HPRegen 0.30/turn               n - +6 ring of strength
MPRegen 0.16/turn               o - ring of poison resistance

@: heroic
A: horns 2, retaliatory headbutt
a: Renounce Religion, Heroism, Finesse, Duel


You were on level 1 of the Abyss.
You worshipped Okawaru.
Okawaru was extremely pleased with you.
You visited 3 branches of the dungeon, and saw 16 of its levels.
You visited the Abyss 1 time.
You also visited: Ossuary.

You collected 2254 gold pieces.
You spent 833 gold pieces at shops.

Inventory:

Hand Weapons
 B - a +2 broad axe of draining (weapon)
   (You took it off a gnoll on level 4 of the Dungeon)
 G - a +0 war axe of electrocution
   (You took it off an orc priest on level 10 of the Dungeon)
 L - a +4 war axe
   (You took it off a wight on level 8 of the Dungeon)
Missiles
 A - 3 boomerangs (quivered)
Armour
 b - a +2 pair of gloves (worn)
   (You found it on level 1 of the Lair of Beasts)
 i - a +1 cloak (worn)
   (You found it on level 4 of the Dungeon)
 j - a +2 pair of boots (worn)
   (You found it on level 1 of the Dungeon)
 w - a +2 pair of boots
   (You found it on level 1 of the Abyss)
 M - a +0 buckler (worn)
 Q - a +0 kite shield
   (You took it off a gnoll sergeant on level 10 of the Dungeon)
 R - a +0 plate armour (worn)
   (You took it off an orc warrior on level 9 of the Dungeon)
Jewellery
 c - a ring of protection from cold
   (You found it on level 8 of the Dungeon)
 g - a ring of flight
   (You found it on level 3 of the Dungeon)
 k - a ring of resist corrosion
   (You found it on level 10 of the Dungeon)
 n - a +6 ring of strength (left hand)
   (You found it on level 2 of the Lair of Beasts)
 o - a ring of poison resistance (right hand)
   (You found it on level 5 of the Dungeon)
 N - an amulet of guardian spirit (around neck)
   (You found it on level 9 of the Dungeon)
Wands
 a - a wand of roots (10)
   (You took it off Natasha on level 2 of the Dungeon)
 I - a wand of paralysis (5)
   (You found it on level 10 of the Dungeon)
 O - a wand of acid (3)
   (You found it on level 9 of the Dungeon)
Scrolls
 f - a scroll of brand weapon
 r - 3 scrolls of identify
 t - 8 scrolls of teleportation
 y - 3 scrolls of vulnerability
 z - 7 scrolls of blinking
 C - a scroll of silence
 E - a scroll of fear
 H - a scroll of enchant armour
 J - 2 scrolls of immolation
 P - a scroll of magic mapping {unknown}
Potions
 d - 5 potions of might
 e - 4 potions of flight
 h - a potion of cancellation
 l - 4 potions of haste {unknown}
 m - 3 potions of brilliance {unknown}
 p - 4 potions of ambrosia
 q - 6 potions of curing
 s - 3 potions of resistance {unknown}
 u - 2 potions of mutation {unknown}
 v - 4 potions of lignification {unknown}
 D - a potion of invisibility {unknown}
 F - 3 potions of degeneration {unknown}
 K - 3 potions of attraction {unknown}
Miscellaneous
 x - a piece from Xom's chessboard (15/15)
   (You found it in an ossuary)


   Skills:
 + Level 13.2(18.2) Fighting
 * Level 16.5(21.5) Axes
 + Level 13.1(18.1) Armour
 - Level 3.6(8.6) Shields
 + Level 9.4 Invocations


You had 12 spell levels left.
You didn't know any spells.
Your spell library was empty.

Dungeon Overview and Level Annotations

Branches:
Dungeon (11/15)            Temple (1/1) D:5            Lair (4/5) D:8
  Swamp (0/4) Lair:3       Spider (0/4) Lair:3          Orc (0/2) D:9
Ossuary (visited)
  Slime: Lair:4-5

Altars:
Ashenzari
Cheibriados
Dithmenos
Elyvilon
Fedhas
Hepliaklqana
Makhleb
Okawaru
Qazlal
Ru
Sif Muna
Trog
Vehumet
Wu Jian
Yredelemnul
Zin
The Shining One

Shops:
D:10 ?

Portals:
Trove: D:10 (give 15 potions of curing)

Annotations:
Lair:1 exclusion: oklob plant
Lair:4 Sonja


Innate Abilities, Weirdness & Mutations

You have a pair of horns on your head.
You reflexively headbutt those who attack you in melee.


Message History

You headbutt the rakshasa, but do no damage.
The rakshasa is severely wounded.
You block the rakshasa's attack.
The rakshasa blinks!
You closely miss the rakshasa.
The rakshasa is severely wounded.
You miss the rakshasa.
The rakshasa is severely wounded.
You slash the rakshasa!
The rakshasa is almost dead.
You slash the rakshasa!
You kill the rakshasa!
The rakshasa shimmers and vanishes!
The rakshasa gestures at you.
The lance of force hits you but does no damage.
You slice the rakshasa!! You headbutt the rakshasa!
The rakshasa is almost dead.
The rakshasa hits you with a +0 whip.
* * * LOW HITPOINT WARNING * * *
You closely miss the rakshasa.
The rakshasa is almost dead.
You open the rakshasa like a pillowcase!!!
You kill the rakshasa!
Okawaru is honoured by your kill.
The rakshasa shimmers and vanishes!
The small abomination hits you but does no damage.
Things that are here:
a +0 whip; a +0 robe; a scroll of blinking You barely miss the small abomination.
You closely miss the small abomination.
Your headbutt misses the small abomination.
You feel a little less mighty now.
You hit the small abomination. You headbutt the small abomination!
The small abomination is severely damaged.
Your hands slow down.
The small abomination hits you but does no damage.
You barely miss the small abomination. You headbutt the small abomination!
The small abomination is almost destroyed.
You slice the small abomination!!
You destroy the small abomination!
Okawaru accepts your kill.
A fire bat comes into view.
z - 7 scrolls of blinking (gained 1)
Things that are here:
a +0 whip; a +0 robe You start resting.
Magic restored.
You start resting.
A large abomination comes into view.
Unknown command.
A large abomination is nearby!
Unknown command.
The large abomination hits you but does no damage.
A large abomination is nearby!
You hit the large abomination.
The large abomination is lightly damaged.
The large abomination hits you but does no damage.
You hit the large abomination.
You headbutt the large abomination, but do no damage.
The large abomination is lightly damaged.
A balrug comes into view.
It is wielding a +2 demon whip of flaming.
The large abomination hits you but does no damage.
You slice the large abomination!!
Your headbutt misses the large abomination.
The large abomination is severely damaged.
The balrug gestures at you. Something smites you!
The large abomination barely misses you.
You furiously retaliate!
You headbutt the large abomination!
You completely miss the large abomination.
The large abomination is almost destroyed.
The large abomination barely misses you.
You furiously retaliate!
You headbutt the large abomination!
You destroy the large abomination!
Okawaru accepts your kill.
You feel your intelligence returning.
Things that are here:
a +0 whip; a +0 robe A sun demon comes into view.
A starcursed mass comes into view.
Found a corrupted altar of Lugonu.
The balrug gestures at you.
The fireball explodes!
The fireball engulfs you!!
The fireball engulfs the balrug.
The balrug completely resists.
A starcursed mass splits.
The balrug gestures at you. Something smites you!
* * * LOW HITPOINT WARNING * * *
A sun demon comes into view.
The sun demon shouts!
You hear a bellow!
You are too injured to fight recklessly!
You gain the combat prowess of a mighty hero.
You block the balrug's attack.
You slice the balrug!!
The balrug is moderately wounded.
A fire bat comes into view.
A starcursed mass splits.
The balrug hits you with a +2 demon whip of flaming!
* * * LOW HITPOINT WARNING * * *
You are engulfed in flames!!
You die...

#_# #b# ...
#.# ##.##
... #.####
.##.##@##.#
XX.3~32§.).#
#.##.##.##.#
# #.##.#
.≈$### ####


You could see 2 starcursed masses, a balrug, 2 sun demons and a fire bat.

Vanquished Creatures
  A rakshasa (Abyss:1)
  4 hydras
  A boulder beetle (Lair:2)
  A centaur warrior (D:8)
  A two-headed ogre (D:9)
  Pikel (D:8)
  6 elephants (Lair:2)
  3 black mambas (Lair:2)
  9 cane toads
  An unseen horror (D:11)
  An efreet (Abyss:1)
  4 komodo dragons
  A troll (D:10)
  A tyrant leech (Lair:3)
  3 polar bears (Lair:3)
  5 blink frogs
  2 jumping spiders (Lair:3)
  2 large abominations (Abyss:1)
  7 wyverns
  A vampire (D:9)
  16 yaks
  2 culicivoras (Lair:3)
  A shadow (D:9)
  A wraith (D:11)
  A neqoxec (Abyss:1)
  3 redbacks (Lair:3)
  4 basilisks
  4 steam dragons (D:8)
  2 swamp worms (Lair:3)
  4 acid dragons
  6 small abominations (Abyss:1)
  8 water moccasins
  10 orc warriors
  2 ice beasts
  A sky beast (D:7)
  An ogre (D:6)
  6 wolves (Lair:3)
  3 centaurs
  3 kobold brigands
  9 bullfrogs
  A gnoll sergeant (D:10)
  3 necrophages
  3 scorpions
  8 wights
  3 killer bees (D:9)
  8 howler monkeys
  A centaur zombie (Ossuary)
  12 orc priests
  2 hounds
  3 jellies
  2 human zombies (Ossuary)
  4 iguanas
  An iron imp (Abyss:1)
  Jessica (D:2)
  Natasha (thrice) (D:2)
  15 orc wizards
  12 hell rats (Lair:3)
  3 mummies
  18 gnolls
  14 adders
  A white imp (D:3)
  2 ufetubi
  A worm (D:2)
  A dart slug (D:3)
  44 orcs
  4 ball pythons
  2 endoplasms
  2 giant cockroaches (D:1)
  5 hobgoblins
  2 jackals (D:5)
  8 quokkas
  4 bats
  4 frilled lizards (D:1)
  8 goblins
  5 goblin zombies
  7 hobgoblin zombies (Ossuary)
  3 jackal zombies (Ossuary)
  22 kobolds
  10 kobold zombies (Ossuary)
  10 orc zombies (Ossuary)
  4 rats
  A rat zombie (Ossuary)
409 creatures vanquished.

Vanquished Creatures (others)
  A centaur (D:8)
  An orc (D:8)
  7 fungi
  8 plants
17 creatures vanquished.

Grand Total: 426 creatures vanquished

Notes
Turn   | Place    | Note
-------+----------+-------------------------------------------
     0 | D:1      | Flugkiller the Minotaur Fighter began the quest for the
                  | Orb.
     0 | D:1      | Reached XP level 1. HP: 19/19 MP: 0/0
   329 | D:1      | Reached XP level 2. HP: 24/27 MP: 1/1
   459 | D:1      | Reached skill level 3 in Axes
   726 | D:1      | Reached XP level 3. HP: 31/33 MP: 2/2
   869 | D:1      | Found a faded altar of an unknown god.
  1483 | D:2      | Noticed Natasha
  1488 | D:2      | Killed Natasha
  1489 | D:2      | Reached XP level 4. HP: 27/41 MP: 3/3
  1951 | D:2      | Noticed Natasha
  1959 | D:2      | Killed Natasha
  1960 | D:2      | Reached skill level 4 in Axes
  2108 | D:2      | Noticed Jessica
  2114 | D:2      | Killed Jessica
  2115 | D:2      | Reached skill level 5 in Fighting
  2115 | D:2      | Reached skill level 5 in Armour
  2115 | D:2      | Reached XP level 5. HP: 48/48 MP: 4/4
  2140 | D:2      | Noticed Natasha
  2146 | D:2      | Killed Natasha
  2699 | D:3      | Found a glowing silver altar of Zin.
  2952 | D:3      | Found a burning altar of Makhleb.
  2952 | D:3      | Noticed a blizzard demon
  2955 | D:3      | Noticed a smoke demon
  2955 | D:3      | Noticed a neqoxec
  3093 | D:4      | Reached XP level 6. HP: 57/57 MP: 5/5
  3160 | D:4      | Found a sand-covered staircase.
  3172 | Ossuary  | Entered an ossuary
  3198 | Ossuary  | Reached skill level 5 in Axes
  3612 | D:4      | Found the +18 Lear's hauberk
  3646 | D:4      | Reached XP level 7. HP: 24/63 MP: 6/6
  4412 | D:5      | Entered Level 5 of the Dungeon
  4493 | D:5      | Reached skill level 6 in Axes
  4530 | D:5      | Found a shimmering blue altar of Sif Muna.
  4639 | D:5      | Found a snail-covered altar of Cheibriados.
  4902 | D:5      | Found a radiant altar of Vehumet.
  5098 | D:5      | Found a staircase to the Ecumenical Temple.
  5310 | D:5      | Found a bloodstained altar of Trog.
  5378 | Temple   | Entered the Ecumenical Temple
  5387 | Temple   | Became a worshipper of Warmaster Okawaru
  5596 | D:6      | Reached skill level 1 in Invocations
  5596 | D:6      | Reached XP level 8. HP: 73/73 MP: 7/7
  5856 | D:6      | Reached skill level 7 in Axes
  6357 | D:6      | Reached * piety under Okawaru
  6622 | D:7      | Found an ornate altar of the Wu Jian Council.
  6671 | D:7      | Reached skill level 8 in Axes
  6981 | D:7      | You are sucked into a shaft and drop 3 floors!
  6981 | D:10     | Entered Level 10 of the Dungeon
  7098 | D:10     | Found a white marble altar of Elyvilon.
  7187 | D:10     | Reached ** piety under Okawaru
  7188 | D:10     | Reached XP level 9. HP: 66/82 MP: 7/10
  7304 | D:10     | Noticed a troll
  7317 | D:10     | Killed a troll
  7318 | D:10     | Reached skill level 9 in Axes
  7629 | D:10     | Found a portal to a secret trove of treasure.
  8340 | D:8      | Reached skill level 10 in Axes
  8375 | D:8      | Noticed a centaur warrior
  8385 | D:8      | Killed a centaur warrior
  8385 | D:8      | Reached *** piety under Okawaru
  8706 | D:8      | Reached XP level 10. HP: 42/91 MP: 12/12
  8717 | D:8      | Reached skill level 5 in Invocations
  8743 | D:8      | Noticed a four-headed hydra
  8765 | D:8      | Killed an eight-headed hydra
  8765 | D:8      | Reached **** piety under Okawaru
  8766 | D:8      | Reached skill level 11 in Axes
  9187 | D:8      | Noticed Pikel
  9198 | D:8      | Killed Pikel
  9199 | D:8      | Reached skill level 10 in Fighting
  9199 | D:8      | Reached skill level 10 in Armour
  9425 | D:8      | Found a sacrificial altar of Ru.
  9593 | D:8      | Found a blossoming altar of Fedhas.
  9620 | D:8      | Reached skill level 12 in Axes
  9674 | D:8      | Found a stormy altar of Qazlal.
 10299 | D:8      | Found a staircase to the Lair.
 10322 | D:8      | Reached ***** piety under Okawaru
 10589 | D:9      | Reached XP level 11. HP: 101/101 MP: 14/14
 10778 | D:9      | Noticed a two-headed ogre
 10785 | D:9      | Killed a two-headed ogre
 11295 | D:9      | Reached skill level 13 in Axes
 11642 | D:9      | Found a staircase to the Orcish Mines.
 12397 | D:10     | Found Midem's Magic Scroll Shop.
 12402 | D:10     | Bought a scroll of acquirement for 728 gold pieces
 12402 | D:10     | Bought a scroll of enchant weapon for 105 gold pieces
 12402 | D:10     | Acquired 1027 gold pieces
 13492 | Lair:1   | Entered Level 1 of the Lair of Beasts
 13529 | Lair:1   | Noticed an oklob plant
 14050 | Lair:1   | Reached skill level 14 in Axes
 14267 | Lair:1   | You fall into a shaft and drop 1 floor!
 14382 | Lair:2   | Received a gift from Okawaru
 14386 | Lair:2   | Reached XP level 12. HP: 101/112 MP: 9/16
 14455 | Lair:2   | Received a gift from Okawaru
 14783 | Lair:2   | Noticed a boulder beetle
 14791 | Lair:2   | Killed a boulder beetle
 14792 | Lair:2   | Reached skill level 15 in Axes
 15275 | Lair:3   | Noticed an eight-headed hydra
 15289 | Lair:3   | Killed a 13-headed hydra
 16087 | Lair:3   | Noticed a six-headed hydra
 16092 | Lair:3   | Noticed a seven-headed hydra
 16098 | Lair:3   | Killed a 12-headed hydra
 16127 | Lair:3   | HP: 2/108 [hell rat (13)]
 16522 | Lair:3   | Found a hole to the Spider Nest.
 16598 | Lair:3   | Killed a 12-headed hydra
 16599 | Lair:3   | Reached skill level 16 in Axes
 17240 | Lair:3   | Found a staircase to the Swamp.
 17418 | Lair:4   | Noticed Sonja
 17426 | Abyss:1  | Found a corrupted altar of Lugonu.
 17426 | Abyss:1  | Cast into level 1 of the Abyss (Sonja)
 17427 | Abyss:1  | great
 17489 | Abyss:1  | Reached XP level 13. HP: 88/122 MP: 14/18
 17516 | Abyss:1  | Noticed a profane servitor
 17742 | Abyss:1  | Noticed a balrug
 17747 | Abyss:1  | Found a corrupted altar of Lugonu.
 17747 | Abyss:1  | Noticed a starcursed mass
 17749 | Abyss:1  | Slain by a balrug

Illustrated notes

.... ... ... .
.. ... .# ##
....##.##.###
............#..
.......@.......
#....._........
.#.............
##.#..........
#. ##.∩.......
.. ....##.... #
..... ##..
..#.#. ..


Turn 17427 on Abyss:1: great

Levels and vault maps discovered:
D:1:      mrwooster_arrival_statue_2, layout_loops_cross, basic_ecumenical_altar
D:2:      layout_basic, uniq_jessica, uniq_natasha
D:3:      layout_rooms, mainiacjoe_overflow_catwalk, makhleb_altar_promises_db,
          minmay_misc_feat_five, minmay_misc_feat_rows
D:4:      layout_basic, nicolae_ossuary_entry_giza
D:5:      layout_loops_ring, nicolae_overflow_crystal_walls, trog_book,
          cheibriados_altar_1, amcnicky_altar_gilded, minmay_temple_entry_trees
D:6:      layout_basic
D:7:      layout_rooms, pdpol_wu_jian_five_deadly_venoms
D:8:      minmay_opposing_rooms, layout_basic,
          nicolae_ru_great_annihilating_truth, overflow_temple_1_default,
          mainiacjoe_overflow_six_doors_small, erik_lair_dragon, uniq_pikel
D:9:      layout_rooms, david_orc_4
D:10:     layout_loops_corners, mainiacjoe_overflow_alcove_2, serial_shops,
          kennysheep_little_box, nicolae_trove_entry_free_sample,
          minmay_orc_keep
D:11:     layout_loops_ring
Temple:   nicolae_temple_ecumenical_triangle
Lair:1:   minmay_lair_oklob_tunnel, layout_concentric_octagons,
          chequers_serial_rivers_large_a, grunt_megastairs_3,
          serial_bayou_shore_b
Lair:2:   layout_chaotic_city
Lair:3:   layout_misc_corridors, palyth_hydra_swamp_entry,
          nicolae_spider_entry_tight_spaces, st_stairs_11,
          grunt_forest_small_clearing_treed
Lair:4:   layout_misc_corridors, minmay_slime_entry_jelly_boxes,
          cheibrodos_lair_lostbears, uniq_sonja
Abyss:1:  base: D:11, evilmike_abyss_exit_kraken, hangedman_cross_veins

Skill      XL: |  1  2  3  4  5  6  7  8  9 10 11 12 |
---------------+-------------------------------------+-----
Fighting       | 4 5 6 7 8 9 10 11 13 | 13.2
Axes           | 3 4 5 6 8 10 12 14 16 | 16.5
Armour         | 4 5 6 7 8 9 10 11 13 | 13.1
Invocations    | 1 3 4 6 7 9 |  9.4
Shields        | |  3.6

Action                   |  1- 3 |  4- 6 |  7- 9 | 10-12 | 13-15 || total
-------------------------+-------+-------+-------+-------+-------++-------
Melee: War axe           |    88 |   121 |       |       |       ||   209
       Headbutt          |     9 |    16 |    31 |   103 |     9 ||   168
       Broad axe         |       |       |   189 |   508 |    41 ||   738
Invok: Heroism           |       |       |     6 |    29 |     2 ||    37
       Finesse           |       |       |       |     5 |     1 ||     6
Evoke: Piece from Xom's  |       |       |       |     2 |       ||     2
       Wand              |       |       |       |     1 |     1 ||     2
  Use: Potion            |       |     1 |       |     5 |     3 ||     9
       Scroll            |       |       |    16 |    11 |     1 ||    28
 Stab: Confused          |       |       |       |     1 |       ||     1
       Paralysed         |       |       |       |     1 |       ||     1
       Distracted        |       |       |       |     1 |       ||     1
Armor: Scale mail        |    53 |    58 |   133 |   116 |       ||   360
       Plate armour      |       |       |       |   250 |    22 ||   272
Dodge: Dodged            |    40 |    72 |    98 |   173 |     8 ||   391
Block: Buckler           |    18 |    30 |    57 |   127 |     5 ||   237
